 Dungeon Crawl Stone Soup version 0.27.0-1-g7a089689b8 (webtiles) character file.

Game seed: 9559531083800004395

248254 SnakkuSnakku7 the Deadly Accurate (level 19, -1/182 HPs)
             Began as a Troll Fire Elementalist on Aug 9, 2021.
             Was the Champion of Cheibriados.
             Succumbed to a nagaraja's bolt of poison
             ... on level 4 of the Snake Pit.
             The game lasted 00:51:59 (23135 turns).

SnakkuSnakku7 the Deadly Accurate (TrFE)           Turns: 23135, Time: 00:52:00

Health: -1/182     AC: 30    Str: 36    XL:     19   Next: 24%
Magic:  25/25      EV: 23    Int: 32    God:    Cheibriados [******]
Gold:   547        SH: 20    Dex: 36    Spells: 20/20 levels left

rFire    + + .     SeeInvis .     - Unarmed
rCold    + . .     Faith    .   P - +0 kite shield {rC+}
rNeg     . . .     Spirit   .   J - +8 fire dragon scales
rPois    .         Reflect  +   D - +2 hat
rElec    .         Harm     .   C - +1 cloak of Starlight {*Dazzle EV+4 Stlth--}
rCorr    .         Rampage  .   (gloves unavailable)
Will     ++...     NoTele   +   (boots unavailable)
Stlth    ..........             O - amulet of reflection
HPRegen  2.40/turn              z - ring of Minesah {Drain rC+ Will+ Int+6 Dex+5}
MPRegen  0.19/turn              M - +4 ring of protection

@: lethally poisoned (-1 -> -40), weakened, untranslocatable, very slow
A: large, unfitting armour, claws 3, regeneration 2, shaggy fur 1, tough skin 1,
MP-powered wands
}: 1/15 runes: barnacled
a: Renounce Religion, Bend Time, Temporal Distortion, Slouch, Step From Time


You were on level 4 of the Snake Pit.
You worshipped Cheibriados.
Cheibriados was exalted by your worship.
You visited 6 branches of the dungeon, and saw 32 of its levels.
You visited 1 bazaar.
You also visited: Sewer, Bailey, Gauntlet, Ice Cave and Volcano.

You collected 2932 gold pieces.
You spent 2385 gold pieces at shops.

Inventory:

Missiles
 B - 39 large rocks (quivered)
 R - 5 throwing nets
Armour
 j - a scarf of repulsion
 C - the +1 cloak of Starlight (worn) {*Dazzle EV+4 Stlth--}
   (You found it on level 8 of the Dungeon)

   It may blind those who miss an attack against the wearer in melee combat.
   EV:        It affects your evasion (+4).
   Stlth:     It makes you much less stealthy.
 D - a +2 hat (worn)
 J - +8 fire dragon scales (worn)
 P - a +0 kite shield of cold resistance (worn)
Jewellery
 f - the ring of Dehusaff {rPois Will+ Int+2 Dex+4}
   (You acquired it on level 2 of the Lair of Beasts)

   [ring of poison resistance]

   Int:       It affects your intelligence (+2).
   Dex:       It affects your dexterity (+4).
   rPois:     It protects you from poison.
   Will:      It increases your willpower.
 z - the ring of Minesah (left claw) {Drain rC+ Will+ Int+6 Dex+5}
   (You found it on level 6 of the Dungeon)

   [ring of intelligence]

   Int:       It affects your intelligence (+6).
   Dex:       It affects your dexterity (+5).
   rC:        It protects you from cold.
   Drain:     It drains your maximum health when unequipped.
   Will:      It increases your willpower.
 A - the ring of Cyvefoip {Wiz rElec rPois Str+2 Stlth-}
   (You bought it in a shop in a bazaar)

   [ring of wizardry]

   It improves your spell success rate.
   Str:       It affects your strength (+2).
   rElec:     It insulates you from electricity.
   rPois:     It protects you from poison.
   Stlth:     It makes you less stealthy.
 K - a ring of resist corrosion
 M - a +4 ring of protection (right claw)
 N - a ring of protection from fire
 O - an amulet of reflection (around neck)
 S - the ring of Yrchif {Wiz Fly Will+}
   (You took it off a merfolk on level 4 of the Shoals)

   [ring of wizardry]

   It improves your spell success rate.
   Fly:       It grants you flight.
   Will:      It increases your willpower.
Wands
 n - a wand of iceblast (55)
 p - a wand of acid (10)
 s - a wand of flame (46)
 y - a wand of digging (2)
 E - a wand of paralysis (15)
 L - a wand of charming (13)
Scrolls
 b - 2 scrolls of fog
 c - 5 scrolls of blinking
 e - 3 scrolls of immolation
 k - 6 scrolls of identify
 q - 11 scrolls of teleportation
 r - 8 scrolls of fear
 v - 2 scrolls of holy word
 w - 2 scrolls of magic mapping
 U - a scroll of enchant armour
Potions
 a - 5 potions of brilliance
 d - 4 potions of heal wounds
 h - 8 potions of curing
 i - 5 potions of resistance
 l - 3 potions of flight
 m - a potion of cancellation
 o - 9 potions of ambrosia
 t - 2 potions of magic
 u - 7 potions of attraction
 x - 8 potions of mutation
 F - 2 potions of invisibility
 H - 4 potions of lignification
 I - 9 potions of might
Miscellaneous
 g - a lightning rod (4/4)
 Q - a condenser vane (inert)


   Skills:
 - Level 10.0 Fighting
 + Level 16.9 Throwing
 - Level 10.0 Armour
 - Level 10.0 Dodging
 - Level 1.0 Stealth
 - Level 9.0 Shields
 - Level 15.0 Unarmed Combat
 - Level 1.2 Spellcasting
 - Level 0.6 Conjurations
 - Level 2.1 Fire Magic
 - Level 10.0 Invocations


You had 20 spell levels left.
You didn't know any spells.
Your spell library contained the following spells:

 Spells                   Type           Power      Damage    Failure   Level
 Foxfire                  Conj/Fire      40%        2x1d6     8%          1
 Animate Skeleton         Necr           2%         N/A       14%         1
 Apportation              Tloc           2%         N/A       14%         1
 Beastly Appendage        Tmut           2%         N/A       14%         1
 Corona                   Hex            1%         N/A       14%         1
 Sandblast                Erth           2%         2d4       14%         1
 Summon Small Mammal      Summ           4%         N/A       14%         1
 Ensorcelled Hibernation  Hex/Ice        2%         N/A       22%         2
 Passwall                 Tmut/Erth      0%         N/A       22%         2
 Slow                     Hex            1%         N/A       22%         2
 Sublimation of Blood     Necr           0%         N/A       22%         2
 Wereblood                Tmut           1%         N/A       22%         2
 Conjure Flame            Conj/Fire      10%        6-21      24%         3
 Inner Flame              Hex/Fire       8%         N/A       26%         3
 Dazzling Flash           Conj/Hex       6%         N/A       36%         3
 Call Canine Familiar     Summ           1%         N/A       38%         3
 Confusing Touch          Hex            1%         N/A       38%         3
 Gell's Gravitas          Tloc           0%         N/A       38%         3
 Ozocubu's Armour         Ice            1%         N/A       38%         3
 Portal Projectile        Hex/Tloc       2%         N/A       38%         3
 Spider Form              Tmut/Pois      0%         N/A       38%         3
 Summon Guardian Golem    Hex/Summ       1%         N/A       38%         3
 Teleport Other           Tloc           1%         N/A       38%         3
 Tukima's Dance           Hex            1%         N/A       38%         3
 Vampiric Draining        Necr           0%         2d6       38%         3
 Sticky Flame             Conj/Fire      10%        2d3       61%         4
 Hailstorm                Conj/Ice       3%         3d3       77%         4
 Ice Form                 Ice/Tmut       1%         N/A       80%         4
 Passage of Golubria      Tloc           N/A        N/A       80%         4
 Petrify                  Tmut/Erth      1%         N/A       80%         4
 Fireball                 Conj/Fire      5%         3d5       91%         5
 Agony                    Necr           1%         N/A       98%         5
 Alistair's Intoxication  Tmut/Pois      0%         N/A       98%         5
 Blade Hands              Tmut           0%         N/A       98%         5
 Irradiate                Conj/Tmut      1%         3d13      98%         5
 Lee's Rapid Deconstruct  Erth           0%         3d5*      98%         5
 Manifold Assault         Tloc           1%         N/A       98%         5
 Silence                  Hex/Air        0%         N/A       98%         5
 Summon Forest            Summ/Tloc      0%         N/A       98%         5
 Dispersal                Tloc           0%         N/A       100%        6
 Invisibility             Hex            0%         N/A       100%        6
 Simulacrum               Ice/Necr       0%         N/A       100%        6
 Dragon Form              Tmut           0%         N/A       100%        7
 Malign Gateway           Summ/Tloc      0%         N/A       100%        7
 Ozocubu's Refrigeration  Ice            0%         4d5       100%        7
 Lehudib's Crystal Spear  Conj/Erth      1%         10d2      100%        8
 Summon Horrible Things   Summ           0%         N/A       100%        8


Dungeon Overview and Level Annotations

Branches:
Dungeon (15/15)            Temple (1/1) D:5            Lair (6/6) D:11
 Shoals (4/4) Lair:2        Snake (4/4) Lair:2        Slime (0/5) Lair:6
    Orc (2/2) D:10            Elf (0/3) Orc:2        Vaults (0/5) D:13
 Depths (0/5) D:15          Sewer (visited)          Bailey (visited)
  IceCv (visited)         Volcano (visited)         Gauntlet (visited)

Altars:
Cheibriados
Dithmenos
Fedhas
Gozag
Kikubaaqudgha
Nemelex Xobeh
Okawaru
Trog
Uskayaw
Vehumet
Wu Jian
Xom
Yredelemnul
Zin
The Shining One

Shops:
Orc:2 *!((   Shoals:3 ?

Portals:
Bazaar: Snake:2


Innate Abilities, Weirdness & Mutations

You are too large for most types of armour.
You have claws for hands.
You heal very quickly.
You are covered in fur. (AC +1)
You have tough skin. (AC +1)
You expend magic power (3 MP) to strengthen your wands.


Message History

The naga warrior constricts you.
You claw the nagaraja!
The nagaraja is lightly wounded.
You feel very sick.
The salamander mystic no longer looks unusually strong.
The nagaraja points at you and mumbles some strange words.
The poison arrow hits you!!
You are more poisoned.
You escape the naga warrior's grasp.
You feel extremely sick.
The nagaraja points at you and mumbles some strange words.
You resist with some effort.
You block the salamander mystic's attack.
The naga warrior roars a battlecry!
The nagas go into a battle-frenzy!
The nagaraja hits you with a +0 whip. The nagaraja grabs you.
The nagaraja constricts you.
You block the salamander mystic's attack.
The naga warrior closely misses you.
You closely miss the nagaraja.
The nagaraja is lightly wounded.
You feel very sick. The nagaraja casts a spell at you.
The bolt of poison hits you.
You are more poisoned.
* * * LOW HITPOINT WARNING * * *
The nagaraja constricts you.
You block the salamander mystic's attack.
You block the naga warrior's attack.
You mangle the nagaraja!!
The nagaraja is heavily wounded.
You feel extremely sick.
The nagaraja gestures at you while chanting.
The bolt of poison hits you!!
You are more poisoned.
* * * LOW HITPOINT WARNING * * *
x2 The nagaraja constricts you.
You cannot blink because you are locked down by a dimension anchor.
You escape the nagaraja's grasp.
You die...

....#......≈§≈≈......#...#####..#
....#...§.≈≈§§≈≈§....#.#.#### #..
#..##.§≈≈§≈≈≈≈≈≈§≈§..##.....# #.
#.##..§≈§≈≈§≈≈≈≈§≈≈...##.##.# #.
###...≈≈≈########≈≈≈...##...####.
##..≈≈≈###......###≈≈≈..##....##.
#..≈≈≈##......NN..##≈≈≈.)####..<)
..≈≈≈##.......).N..##≈≈≈).######.
.≈≈≈##..).######@...##≈≈≈.)## #.
≈≈≈##...### ###...##§≈≈..## #.
≈≈##)..## ...##≈≈≈..###. .≈#)..##
...#≈§§..#.). ..'...#
.'#####)#.## ####### #. #.).#
#####


You could see a naga warrior, a nagaraja (fast, strong, poisoned) and a
salamander mystic (strong).

Vanquished Creatures
  Mara (Snake:4)
  Vashnia (Snake:4)
  Rupert (Orc:2)
  Jorgrun (D:15)
  Kirke (Shoals:4)
  A storm dragon (Shoals:4)
  A nagaraja (Snake:2)
  Donald (Shoals:3)
  Agnes (D:15)
  Louise (Snake:4)
  2 very ugly things (IceCv)
  A minotaur (Gauntlet)
  7 merfolk impalers
  3 merfolk javelineers
  A fire dragon (Lair:6)
  Josephine (Orc:1)
  A vault guard (D:13)
  3 boulder beetles
  2 salamander tyrants (Snake:4)
  2 naga warriors
  Fannar (D:11)
  A rakshasa (D:13)
  2 ogre magi
  2 caustic shrike simulacra (IceCv)
  2 anacondas
  14 hydras
  2 catoblepae
  A merfolk avatar (Shoals:2)
  2 satyrs (Shoals:4)
  8 centaur warriors
  16 two-headed ogres
  5 merfolk aquamancers
  2 alligator snapping turtles
  10 naga sharpshooters
  2 tengu warriors
  10 death yaks
  4 orc high priests
  5 shock serpents
  Urug (Lair:4)
  Sonja (Orc:2)
  2 salamander mystics (Snake:4)
  3 sun demons (Shoals:3)
  3 fire crabs
  5 sea snakes
  A swamp dragon (Lair:6)
  3 orange crystal statues
  A naga ritualist (Snake:2)
  4 lindwurms
  Pikel (D:7)
  A necromancer (D:15)
  5 orc knights
  6 harpies
  16 ugly things
  3 deep elf pyromancers
  11 manticores
  5 fauns
  6 salamanders
  A shining eye (shapeshifter) (Gauntlet)
  5 orc sorcerers
  7 cyclopes
  A guardian serpent (Snake:4)
  18 black mambas
  6 merfolk sirens
  17 elephants
  An elephant (shapeshifter) (D:15)
  3 torpor snails
  11 naga magi
  9 water nymphs
  3 gargoyles
  19 cane toads
  2 unseen horrors
  A centaur skeleton (D:15)
  9 komodo dragons
  An efreet (D:13)
  A kobold demonologist (D:13)
  7 rime drakes
  4 freezing wraiths (IceCv)
  3 golden dragon simulacra (IceCv)
  5 anaconda simulacra (IceCv)
  3 tengu conjurers
  3 meliai (Lair:4)
  5 trolls
  A queen bee (Lair:4)
  10 polar bears
  25 merfolk
  7 wind drakes
  Prince Ribbit (D:5)
  A harpy skeleton (D:15)
  13 blink frogs
  32 slime creatures
  8 dream sheep
  4 snapping turtles
  7 wraiths
  6 air elementals (Shoals:4)
  A shadow (D:11)
  16 wyverns
  A spriggan simulacrum (Snake:2)
  2 dire elephant simulacra
  17 water elementals
  41 yaks
  3 hogs (Shoals:3)
  Eustachio (D:5)
  10 fire bats
  5 vampire mosquitoes (D:13)
  15 basilisks
  6 steam dragons
  Grum (D:10)
  A warg (Orc:2)
  A minotaur simulacrum (Snake:2)
  Edmund (D:5)
  3 harpy simulacra
  11 nagas
  5 acid dragons
  2 hydra simulacra (IceCv)
  3 hell hounds
  27 water moccasins
  Duvessa (D:5)
  A swamp drake (Lair:6)
  A hornet zombie (D:15)
  2 ice beasts (D:5)
  Purgy (Sewer)
  42 orc warriors
  9 black bears
  3 alligator simulacra
  2 necrophages
  2 sky beasts
  12 ogres
  18 wolves
  8 centaurs
  4 kobold brigands
  21 bullfrogs
  2 deep troll simulacra (Snake:2)
  Dowan (D:5)
  2 scorpions
  2 water moccasin zombies
  A wyvern skeleton (D:7)
  30 killer bees
  4 wights
  2 electric eels (D:15)
  5 howler monkeys
  12 centaur zombies
  A bullfrog skeleton (D:4)
  A bullfrog zombie (D:6)
  4 jellies
  23 orc priests
  4 hounds
  5 iguanas
  23 orc wizards
  7 hell rats (Lair:4)
  2 hound skeletons (D:5)
  2 howler monkey zombies
  4 gnolls (D:4)
  6 adders
  A shadow imp (D:8)
  An ufetubus (D:5)
  3 worms
  The ghost of boopsy the Sneak, a weakling KoDe (D:5)
  3 dart slugs
  68 orcs
  11 ball pythons
  6 bats
  4 endoplasms
  2 giant cockroaches (D:3)
  8 goblins
  9 hobgoblins
  10 jackals
  9 frilled lizards
  12 kobolds
  2 rats
1053 creatures vanquished.

Vanquished Creatures (collateral kills)
  Saint Roka (Orc:2)
1 creature vanquished.

Vanquished Creatures (others)
  A hell hog (Volcano)
  A salamander mystic (Snake:4)
  A lindwurm (Snake:4)
  4 elephants (Lair:6)
  2 humans (Shoals:4)
  A naga (Snake:3)
  2 killer bees (Lair:4)
  9 bushes (D:14)
  A demonic plant (Gauntlet)
  18 fungi
  62 plants
102 creatures vanquished.

Grand Total: 1156 creatures vanquished

Notes
Turn   | Place    | Note
-------+----------+-------------------------------------------
     0 | D:1      | SnakkuSnakku7 the Troll Fire Elementalist began the quest
                  | for the Orb.
     0 | D:1      | Reached XP level 1. HP: 16/16 MP: 1/1
   175 | D:1      | Reached skill level 1 in Unarmed Combat
   222 | D:1      | Reached XP level 2. HP: 26/26 MP: 2/2
   282 | D:1      | Reached skill level 1 in Fighting
   763 | D:2      | Reached XP level 3. HP: 32/33 MP: 3/3
   811 | D:2      | Found a faded altar of an unknown god.
  1367 | D:3      | Reached XP level 4. HP: 12/42 MP: 4/4
  1700 | D:3      | Reached XP level 5. HP: 50/50 MP: 5/5
  1709 | D:3      | Found a glowing drain.
  1722 | Sewer    | Entered a sewer
  1744 | Sewer    | Noticed Purgy
  1845 | Sewer    | Killed Purgy
  1900 | Sewer    | Gained mutation: You expend magic power (3 MP) to
                  | strengthen your wands. [potion of mutation]
  1900 | Sewer    | Gained mutation: You heal very quickly. [potion of
                  | mutation]
  2039 | D:3      | Found a sparkling altar of Nemelex Xobeh.
  2039 | D:3      | Found an ancient bone altar of Kikubaaqudgha.
  2214 | D:4      | Reached XP level 6. HP: 61/61 MP: 6/6
  2376 | D:4      | Reached skill level 5 in Unarmed Combat
  2376 | D:4      | Reached XP level 7. HP: 70/70 MP: 7/7
  3028 | D:5      | Entered Level 5 of the Dungeon
  3091 | D:5      | Reached skill level 5 in Fighting
  3130 | D:5      | Reached XP level 8. HP: 59/80 MP: 8/8
  3142 | D:5      | Noticed Prince Ribbit
  3157 | D:5      | Killed Prince Ribbit
  3210 | D:5      | Noticed Edmund
  3228 | D:5      | Killed Edmund
  3250 | D:5      | Found a staircase to the Ecumenical Temple.
  3259 | Temple   | Entered the Ecumenical Temple
  3347 | Temple   | Became a worshipper of Cheibriados the Contemplative
  3406 | D:5      | Noticed Duvessa
  3412 | D:5      | Noticed Dowan
  3423 | D:5      | Killed Duvessa
  3427 | D:5      | Killed Dowan
  3552 | D:5      | Noticed a two-headed ogre
  3553 | D:5      | Noticed boopsy's ghost (weakling KoDe)
  3554 | D:5      | Found a runed translucent gate.
  3555 | D:5      | Found a runed translucent gate.
  3556 | D:5      | Found a runed translucent gate.
  3665 | D:5      | Noticed Eustachio
  3680 | D:5      | Killed Eustachio
  3815 | D:6      | Reached skill level 10 in Unarmed Combat
  3815 | D:6      | Reached XP level 9. HP: 88/88 MP: 9/9
  3893 | D:6      | Reached * piety under Cheibriados
  4324 | D:6      | Identified the ring of Minesah {Drain rC+ Will+ Int+6
                  | Dex+5}
  4454 | D:6      | Reached ** piety under Cheibriados
  4701 | D:7      | Reached skill level 5 in Dodging
  5256 | D:7      | Noticed Pikel
  5274 | D:7      | Killed Pikel
  5297 | D:7      | Reached *** piety under Cheibriados
  5298 | D:7      | Reached XP level 10. HP: 96/96 MP: 10/10
  5980 | D:8      | Noticed an ogre mage
  5994 | D:8      | Killed an ogre mage
  6052 | D:8      | Noticed an eight-headed hydra
  6052 | D:8      | Noticed a cyclops
  6056 | D:8      | Killed an eight-headed hydra
  6056 | D:8      | Killed a cyclops
  6062 | D:8      | Found the +1 cloak of Starlight {*Dazzle EV+4 Stlth--}
  6101 | D:8      | Reached skill level 1 in Throwing
  6111 | D:8      | Reached skill level 2 in Throwing
  6288 | D:8      | Reached skill level 3 in Throwing
  6332 | D:8      | Noticed a gargoyle
  6339 | D:8      | Killed a gargoyle
  6357 | D:8      | Reached **** piety under Cheibriados
  6436 | D:8      | Reached XP level 11. HP: 102/102 MP: 11/11
  6635 | D:9      | Noticed a two-headed ogre
  6636 | D:9      | Found a bloodstained altar of Trog.
  6642 | D:9      | Killed a two-headed ogre
  6643 | D:9      | Reached skill level 4 in Throwing
  6659 | D:9      | Reached skill level 5 in Throwing
  6824 | D:5      | Killed a two-headed ogre
  6825 | D:5      | Reached skill level 6 in Throwing
  6831 | D:5      | Killed boopsy's ghost
  6997 | D:9      | Noticed a two-headed ogre
  7008 | D:9      | Killed a two-headed ogre
  7009 | D:9      | Reached skill level 7 in Throwing
  7009 | D:9      | Noticed a centaur warrior
  7025 | D:9      | Killed a centaur warrior
  7047 | D:9      | Reached skill level 8 in Throwing
  7061 | D:9      | Reached ***** piety under Cheibriados
  7446 | D:9      | Reached skill level 9 in Throwing
  7645 | D:9      | Found a basalt altar of Yredelemnul.
  7673 | D:9      | Found a shadowy altar of Dithmenos.
  7710 | D:9      | Noticed a purple ugly thing
  7710 | D:9      | Noticed a boulder beetle
  7870 | D:9      | You fall into a shaft and drop 2 floors!
  7954 | D:10     | Entered Level 10 of the Dungeon
  8065 | D:10     | Noticed a centaur warrior
  8074 | D:10     | Killed a centaur warrior
  8108 | D:10     | Reached skill level 10 in Throwing
  8130 | D:10     | Reached XP level 12. HP: 109/111 MP: 12/12
  8306 | D:10     | Noticed a boulder beetle
  8314 | D:10     | Killed a boulder beetle
  8423 | D:10     | Found a glowing golden altar of the Shining One.
  8423 | D:10     | Found a hide-covered altar of Uskayaw.
  8566 | D:10     | Noticed Grum
  8567 | D:10     | Found an iron altar of Okawaru.
  8588 | D:10     | Killed Grum
  8763 | D:10     | Found a staircase to the Orcish Mines.
  8876 | D:11     | Noticed an eight-headed hydra
  8879 | D:11     | Killed an eight-headed hydra
  8896 | D:11     | Reached skill level 11 in Throwing
  9045 | D:11     | Found a staircase to the Lair.
  9052 | D:11     | Reached ****** piety under Cheibriados
  9099 | D:11     | Noticed Fannar
  9114 | D:11     | Killed Fannar
  9506 | Lair:1   | Entered Level 1 of the Lair of Beasts
  9511 | Lair:1   | Reached skill level 12 in Throwing
  9578 | Lair:1   | Noticed a six-headed hydra
  9581 | Lair:1   | Killed a six-headed hydra
 10665 | Lair:2   | Reached skill level 13 in Throwing
 10753 | Lair:2   | Reached XP level 13. HP: 70/118 MP: 13/13
 10791 | Lair:2   | Found a staircase to the Shoals.
 10832 | Lair:2   | Found a staircase to the Snake Pit.
 10954 | Lair:2   | Reached skill level 14 in Throwing
 11089 | Lair:2   | Identified a scroll of acquirement
 11090 | Lair:2   | Acquired the ring of Dehusaff {rPois Will+ Int+2 Dex+4}
 11543 | Lair:2   | Reached skill level 15 in Throwing
 11859 | Lair:3   | Found a glowing golden altar of the Shining One.
 12513 | Lair:3   | Reached XP level 14. HP: 97/136 MP: 14/14
 12871 | Lair:4   | Reached skill level 1 in Invocations
 13070 | Lair:4   | Noticed Urug
 13075 | Lair:4   | Killed Urug
 13286 | Lair:4   | Reached skill level 5 in Invocations
 14098 | Lair:6   | Entered Level 6 of the Lair of Beasts
 14460 | Lair:6   | Found a staircase to the Slime Pits.
 14741 | Lair:6   | Reached skill level 10 in Invocations
 14769 | Lair:6   | Reached skill level 1 in Armour
 15048 | Lair:6   | Reached XP level 15. HP: 144/145 MP: 21/21
 15443 | Orc:1    | Entered Level 1 of the Orcish Mines
 15562 | Orc:2    | Entered Level 2 of the Orcish Mines
 15562 | Orc:2    | Noticed Rupert
 15566 | Orc:2    | Killed Rupert
 15567 | Orc:2    | Reached skill level 5 in Armour
 15628 | Orc:2    | Noticed Sonja
 15632 | Orc:2    | Killed Sonja
 15650 | Orc:2    | Found a gate leading to a gauntlet.
 15661 | Gauntlet | Entered a Gauntlet
 15661 | Gauntlet | Found a transporter.
 15661 | Gauntlet | Found a transporter.
 15665 | Gauntlet | Found a transporter.
 15678 | Gauntlet | Found a transporter.
 15690 | Gauntlet | Found a transporter.
 15692 | Gauntlet | Found a transporter.
 15692 | Gauntlet | Found a transporter.
 15702 | Gauntlet | Found a transporter.
 15702 | Gauntlet | Found a transporter.
 15791 | Gauntlet | Found a transporter.
 15804 | Gauntlet | Found a transporter.
 15831 | Gauntlet | Found a transporter.
 15929 | Orc:2    | Found Ecrun's Distillery.
 15946 | Orc:2    | Found a dark tunnel.
 15956 | Volcano  | Entered a volcano
 16140 | Orc:2    | Found Cipuc's General Store.
 16140 | Orc:2    | Found Mahalu's Weapon Shop.
 16140 | Orc:2    | Found Ushoxis's Distillery.
 16140 | Orc:2    | Found Unuxe's Weapon Shop.
 16194 | Orc:2    | Bought a potion of might for 56 gold pieces
 16194 | Orc:2    | Bought 2 potions of mutation for 224 gold pieces
 16196 | Orc:2    | Bought a potion of heal wounds for 70 gold pieces
 16196 | Orc:2    | Bought a potion of heal wounds for 70 gold pieces
 16196 | Orc:2    | Bought a potion of might for 56 gold pieces
 16395 | Orc:2    | Noticed Saint Roka
 16402 | Orc:2    | Found a staircase to the Elven Halls.
 16425 | Orc:2    | Killed Saint Roka
 16767 | Orc:1    | Noticed Josephine
 16779 | Orc:1    | Killed Josephine
 17205 | D:12     | Reached skill level 10 in Armour
 17269 | D:12     | Reached skill level 10 in Dodging
 17269 | D:12     | Reached XP level 16. HP: 153/153 MP: 22/22
 18047 | D:13     | Found a gate to the Vaults.
 18335 | D:14     | Reached skill level 10 in Fighting
 18384 | D:14     | Found a flagged portal.
 18404 | Bailey   | Entered a bailey
 18581 | D:14     | Reached XP level 17. HP: 166/166 MP: 23/23
 18756 | D:14     | Found a glowing silver altar of Zin.
 19290 | D:15     | Entered Level 15 of the Dungeon
 19727 | D:15     | Noticed Jorgrun
 19735 | D:15     | Killed Jorgrun
 20124 | D:15     | Noticed Agnes
 20129 | D:15     | Killed Agnes
 20189 | D:15     | Found a staircase to the Depths.
 20369 | Shoals:1 | Entered Level 1 of the Shoals
 20416 | Shoals:1 | Found a flickering gateway to a bazaar.
 20429 | Bazaar   | Entered a bazaar
 20456 | Bazaar   | Found Cuwilaj's Jewellery Emporium.
 20456 | Bazaar   | Found Urepomakk's Antique Weapon Shoppe.
 20466 | Bazaar   | Bought the ring of Cyvefoip {Wiz rElec rPois Str+2 Stlth-}
                  | for 561 gold pieces
 20477 | Bazaar   | Found Xisuroi's Distillery.
 20481 | Bazaar   | Bought a potion of resistance for 110 gold pieces
 20481 | Bazaar   | Bought a potion of heal wounds for 55 gold pieces
 20481 | Bazaar   | Bought a potion of might for 44 gold pieces
 20481 | Bazaar   | Bought a potion of mutation for 88 gold pieces
 20481 | Bazaar   | Bought a potion of mutation for 88 gold pieces
 20493 | Bazaar   | Found Iwonaax's Distillery.
 20497 | Bazaar   | Bought a potion of curing for 36 gold pieces
 20497 | Bazaar   | Bought a potion of attraction for 36 gold pieces
 20497 | Bazaar   | Bought a potion of attraction for 36 gold pieces
 20497 | Bazaar   | Bought a potion of attraction for 36 gold pieces
 20656 | Shoals:3 | Found Kionudi's Magic Scroll Shoppe.
 20681 | Shoals:3 | Bought a scroll of acquirement for 728 gold pieces
 20681 | Shoals:3 | Bought a scroll of fear for 49 gold pieces
 20681 | Shoals:3 | Bought a scroll of teleportation for 42 gold pieces
 20681 | Shoals:3 | Acquired a +0 kite shield of cold resistance
 20701 | Shoals:2 | Reached skill level 1 in Shields
 20900 | Shoals:3 | Reached XP level 18. HP: 174/174 MP: 24/24
 20915 | Shoals:3 | Noticed Donald
 20923 | Shoals:3 | Killed Donald
 21018 | Shoals:4 | Entered Level 4 of the Shoals
 21068 | Shoals:4 | Noticed Kirke
 21084 | Shoals:4 | Reached skill level 5 in Shields
 21180 | Shoals:4 | Paralysed by a sphinx for 3 turns
 21184 | Shoals:4 | Killed Kirke
 21272 | Shoals:4 | Paralysed by an air elemental for 1 turns
 21278 | Shoals:4 | Paralysed by an air elemental for 1 turns
 21285 | Shoals:4 | Paralysed by an air elemental for 1 turns
 21444 | Shoals:3 | HP: 8/174 [poisoned by a merfolk impaler]
 21524 | Shoals:4 | Identified the +5 chain mail "Qoisazxy" {Dex+4}
 21524 | Shoals:4 | Identified the ring of Yrchif {Wiz Fly Will+}
 21608 | Shoals:4 | Paralysed by an air elemental for 1 turns
 21645 | Shoals:4 | Found a blossoming altar of Fedhas.
 21712 | Shoals:4 | Paralysed by an air elemental for 1 turns
 21718 | Shoals:4 | Paralysed by an air elemental for 1 turns
 21747 | Shoals:4 | Paralysed by an air elemental for 1 turns
 21751 | Shoals:4 | Paralysed by an air elemental for 1 turns
 21755 | Shoals:4 | Paralysed by an air elemental for 1 turns
 21764 | Shoals:4 | Paralysed by an air elemental for 1 turns
 21768 | Shoals:4 | Paralysed by an air elemental for 1 turns
 21771 | Shoals:4 | Paralysed by an air elemental for 1 turns
 21781 | Shoals:4 | Paralysed by an air elemental for 1 turns
 21880 | Shoals:4 | Got a barnacled rune of Zot
 21895 | Shoals:4 | Got the Papyrus of Dislocation
 21972 | Shoals:4 | Paralysed by an air elemental for 1 turns
 22129 | Snake:1  | Entered Level 1 of the Snake Pit
 22226 | Snake:2  | Reached skill level 15 in Unarmed Combat
 22234 | Snake:2  | Found a frozen archway.
 22257 | Snake:2  | Found a gateway to a bazaar.
 22328 | IceCv    | Entered an ice cave
 22652 | Snake:4  | Entered Level 4 of the Snake Pit
 22737 | Snake:4  | Noticed Louise
 22757 | Snake:4  | Killed Louise
 22802 | Snake:3  | Reached skill level 16 in Throwing
 22945 | Snake:4  | Reached XP level 19. HP: 180/182 MP: 25/25
 22947 | Snake:4  | Noticed Vashnia
 22984 | Snake:4  | Killed Vashnia
 23079 | Snake:4  | Noticed Mara
 23094 | Snake:4  | Killed Mara
 23135 | Snake:4  | Succumbed to a nagaraja's bolt of poison

Illustrated notes

Levels and vault maps discovered:
D:1:      minmay_arrival_split_and_join, layout_rooms, minmay_misc_feat_room
D:2:      layout_basic, shapermc_ecumenical_altar_acropolis
D:3:      layout_loops_ring, amethyst_overflow_temple_binary,
          cheibrodos_sewer_entry_drain
D:4:      layout_basic
D:5:      layout_basic, minmay_temple_entry_statues_pillars,
          gammafunk_ghost_split, uniq_prince_ribbit1, uniq_edmund, uniq_duvessa,
          uniq_eustachio
D:6:      layout_cave_pods
D:7:      layout_layer_cave, uniq_pikel
D:8:      layout_basic, minmay_the_grid_2x2 [minmay_the_grid_eight,
          minmay_the_grid_minigrid_small, minmay_the_grid_box_x,
          minmay_the_grid_prize_shrinking_boxes]
D:9:      cheibrodos_fzero, layout_stronghold, minitemple,
          mainiacjoe_overflow_boulevard, lightli_corner_chamber
D:10:     layout_loops_ring, amcnicky_altar_gilded,
          gammafunk_temple_overflow_elements, david_orc_4, uniq_grum
D:11:     layout_irregular_city, minmay_lair_entry_grove, uniq_fannar
D:12:     layout_gridville, serial_rivers, chequers_serial_rivers_room_a,
          chequers_serial_rivers_room_b, chequers_serial_rivers_micro_d,
          chequers_serial_rivers_small_3
D:13:     layout_gridville, david_vaults_5, minivault_4
D:14:     layout_roguey, enter_bailey_4, serial_park_gazebo
          [serial_park_minivault_5x5_4]
D:15:     grunt_enter_depths_magical_seal, layout_basic, grunt_decor_clamped,
          uniq_agnes, uniq_jorgrun
Temple:   minmay_temple_curvy_branch
Lair:1:   layout_layer_cave, cheibrodos_lair_lostbears
Lair:2:   nzn_winding_woodlands_large [nzn_winding_woodlands_5x5_default,
          nzn_winding_woodlands_5x15_lazy_stream,
          nzn_winding_woodlands_5x5_checkerboard,
          nzn_winding_woodlands_center_pierced_h,
          nzn_winding_woodlands_15x15_boxy_spiral,
          nzn_winding_woodlands_center_garden,
          nzn_winding_woodlands_5x5_open_star,
          nzn_winding_woodlands_5x15_garden,
          nzn_winding_woodlands_5x5_perimeter], layout_loops_ring,
          elwin_shoals_entry_stream, guppyfry_snake_entry_garden,
          chequers_serial_rivers_micro_c, beast_lair_carwin_8
Lair:3:   layout_concentric_octagons, basic_altar,
          chequers_serial_rivers_micro_a, small_statue_intersection,
          beast_lair_carwin_1
Lair:4:   regret_index_bee_streams, layout_regular_city,
          infiniplex_staircase_pool_2, uniq_urug
Lair:5:   layout_cave_shapes
Lair:6:   guppyfry_lair_end_dragon, layout_regular_city,
          hangedman_lair_in_review, nicolae_slime_entry_slimehenge,
          grunt_forest_small_clearing_treed
Shoals:1: layout_shoals, serial_shops, bzr_entry_dummy,
          nicolae_shoals_secluded_bog
Shoals:2: layout_shoals
Shoals:3: layout_shoals, serial_shops, shop, nicolae_shoals_sun_and_surf,
          uniq_donald
Shoals:4: shoals_end_hellmonk_storm_palace [storm_palace_center_square,
          storm_palace_corner_grid, storm_palace_corner_altar,
          storm_palace_corner_altar, storm_palace_corner_pillars], uniq_kirke
Snake:1:  layout_onion_interference, uniq_nikola
Snake:2:  layout_rooms, serial_shops, statue_bzr,
          portal_ice_cave_entry_ice_simulacra, grunt_megastairs_1
Snake:3:  layout_misc_corridors, uniq_aizul
Snake:4:  snake_pit_salamanders_mu, layout_rooms, uniq_mara, uniq_louise,
          uniq_vashnia
Orc:1:    layout_caves, uniq_josephine
Orc:2:    grunt_orc_tribal_feast, layout_caves, serial_shops, shop,
          nicolae_volcano_entry_two_sided, gauntlet_entry_generic, uniq_sonja,
          uniq_rupert, uniq_saint_roka

Skill      XL: |  1  2  3  4  5  6  7  8  9 10 11 12 13 14 15 16 17 18 |
---------------+-------------------------------------------------------+-----
Unarmed Combat | 1 2 3 4 5 6 10 11 14 15 | 15.0
Fighting       | 1 2 3 4 5 8 10 | 10.0
Dodging        | 7 9 10 | 10.0
Throwing       | 3 10 13 15 16 | 16.9
Invocations    | 10 | 10.0
Armour         | 1 10 | 10.0
Shields        | 3 9 |  9.0
Stealth        | |  1.0
Spellcasting   | |  1.2
Conjurations   | |  0.6
Fire Magic     | |  2.1

Action                   |  1- 3 |  4- 6 |  7- 9 | 10-12 | 13-15 | 16-18 | 19-21 || total
-------------------------+-------+-------+-------+-------+-------+-------+-------++-------
Melee: Unarmed           |   108 |   178 |   357 |   530 |  1204 |  1273 |    79 ||  3729
       Punch             |       |       |    19 |    57 |   122 |    75 |       ||   273
Throw: Large rock        |       |       |       |     6 |    32 |    59 |     7 ||   104
Invok: Slouch            |       |       |       |       |     9 |    11 |     1 ||    21
       Temporal Distorti |       |       |       |       |       |     3 |       ||     3
Evoke: Wand              |       |       |       |     4 |     1 |     1 |       ||     6
       Condenser vane    |       |       |       |       |       |     1 |     1 ||     2
  Use: Scroll            |       |     6 |     3 |     7 |    23 |    10 |       ||    49
       Potion            |       |     7 |       |       |     5 |     5 |       ||    17
 Stab: Sleeping          |     2 |       |     1 |       |       |       |       ||     3
       Invisible         |       |       |       |    32 |   147 |    66 |       ||   245
       Petrified         |       |       |       |       |     4 |       |       ||     4
       Confused          |       |       |       |       |       |       |     1 ||     1
Armor: Robe              |    37 |    59 |       |       |       |       |       ||    96
       Troll leather arm |       |    24 |   136 |   131 |   155 |       |       ||   446
       Fire dragon scale |       |       |       |       |   173 |   503 |    35 ||   711
Dodge: Dodged            |    55 |   108 |   203 |   723 |  1861 |  1274 |    94 ||  4318
       Repelled          |       |       |     2 |       |       |       |       ||     2
Block: Other             |       |       |       |       |       |    88 |       ||    88
       Reflection        |       |       |       |       |       |    75 |    40 ||   115
       Kite shield       |       |       |       |       |       |   674 |   128 ||   802
